Map: Deathaura LE

Players

starkiller

  • Race: Zerg Zerg
  • League: Master
  • Spawn Location: 11:00

Silky - Winner!

  • Race: Zerg Zerg
  • Spawn Location: 5:00

Event: The Miserable Cup

VOD

Have the link to the VOD?

Description

Time

  • Played on: June 17, 2020, 10:58 a.m.
  • Length: 8:19

All games in this series

Show
View Real Time Build Order
Export as new Build Order

starkiller Zerg 

Build Orders: Pool First 

Get SALT Encoding   

  12  0:17  Spawning Pool  
  11  0:21  Drone  
  11  0:26  Drone  
  13  0:32  Drone  
  14  0:39  Overlord  
  14  1:03  Zergling x4  
  16  1:05  Zergling x2  
  17  1:15  Zergling x2  
  18  1:20  Hatchery  
  17  1:26  Zergling x2  
  18  1:37  Zergling x2  
  19  1:40  Queen  
  21  1:48  Zergling x2  
  22  2:02  Overlord  
  21  2:20  Queen  
  21  2:22  Drone x2  
  25  2:31  Drone  
  25  2:32  Drone  
  25  2:36  Queen  
  27  2:52  Drone  
  27  2:53  Drone x3  
  29  3:00  Drone x2  
  29  3:01  Drone  
  29  3:04  Drone  
  31  3:14  Drone  
  32  3:20  Roach Warren  
  32  3:23  Evolution Chamber  
  32  3:26  Drone x3  
  33  3:30  Extractor  
  33  3:31  Extractor x2  
  33  3:32  Drone  
  31  3:36  Drone  
  31  3:37  Drone  
  31  3:39  Drone  
  34  3:42  Drone  
  34  3:45  Drone  
  36  3:52  Overlord  
  36  4:09  Overlord  
  36  4:10  Drone x7  
  36  4:15  Zerg Missile Weapons Level 1  
  43  4:17  Drone  
  44  4:27  Lair  
  45  4:31  Drone x2  
  45  4:32  Drone  
  45  4:34  Drone  
  48  4:40  Overlord  
  48  4:41  Roach  
  48  4:42  Roach  
  52  4:49  Overlord x2  
  52  4:54  Overlord  
  52  5:04  Overlord  
  52  5:09  Roach x5  
  52  5:12  Roach x2  
  66  5:16  Roach  
  66  5:17  Roach  
  66  5:20  Roach  
  72  5:22  Roach  
  72  5:28  Nydus Network  
  73  5:37  Glial Reconstitution  
  73  5:40  Queen x2  
  77  5:46  Roach x2  
  77  5:48  Roach  
  83  5:52  Evolution Chamber  
  82  6:00  Roach  
  82  6:01  Overlord  
  84  6:12  Nydus Canal  
  84  6:13  Overlord x2  
  84  6:18  Overlord  
  84  6:21  Roach  
  84  6:22  Roach x3  
  90  6:33  Roach x3  
  90  6:34  Roach x2  
  100  6:43  Roach  
  100  6:45  Roach  
  102  6:57  Roach x2  
  105  7:07  Roach  
  103  7:16  Roach x2  
  87  7:30  Roach x3  
  81  7:47  Drone, Roach  
  81  7:48  Roach  
  81  7:49  Roach  
  88  7:55  Extractor  
  89  7:58  Roach  
Show
View Real Time Build Order
Export as new Build Order

Silky Zerg - Winner!

Build Orders: Pool First 

Get SALT Encoding   

  12  0:00  Drone  
  13  0:12  Overlord  
  13  0:17  Drone  
  14  0:31  Drone x2  
  16  0:42  Spawning Pool  
  16  0:43  Drone  
  16  0:48  Drone  
  17  1:08  Hatchery  
  17  1:11  Drone  
  17  1:25  Extractor  
  17  1:29  Zergling x6  
  17  1:31  Queen  
  21  1:40  Zergling x2  
  22  1:56  Overlord  
  21  2:13  Queen  
  23  2:16  Zergling x2  
  23  2:17  Spine Crawler  
  23  2:18  Drone  
  23  2:20  Queen  
  23  2:22  Drone  
  28  2:26  Metabolic Boost  
  28  2:29  Drone  
  29  2:34  Drone  
  29  2:36  Drone  
  31  2:42  Drone x2  
  33  2:48  Zergling x2  
  30  2:53  Drone x2  
  28  2:59  Drone  
  28  3:00  Drone  
  28  3:02  Drone  
  29  3:11  Drone  
  30  3:17  Drone  
  31  3:26  Hatchery  
  30  3:30  Zergling x2  
  30  3:33  Drone x3  
  34  3:39  Drone  
  35  3:41  Evolution Chamber  
  35  3:42  Overlord  
  35  3:45  Drone  
  35  3:47  Drone  
  36  3:56  Overlord  
  36  4:00  Roach Warren  
  36  4:02  Drone x2  
  37  4:07  Drone x3  
  40  4:13  Drone  
  40  4:14  Zergling x2, Drone  
  40  4:15  Zergling x2  
  44  4:19  Zerg Missile Weapons Level 1  
  44  4:22  Zergling x4  
  46  4:30  Extractor  
  45  4:32  Overlord, Extractor  
  45  4:35  Drone x4  
  45  4:37  Drone  
  49  4:43  Drone x3  
  52  4:46  Queen  
  54  4:53  Lair  
  54  4:58  Overlord  
  54  5:05  Drone x5  
  54  5:06  Overlord  
  58  5:15  Overlord, Roach x2  
  58  5:16  Roach  
  64  5:22  Roach x2  
  64  5:26  Roach  
  64  5:27  Roach x2  
  74  5:31  Roach  
  74  5:32  Roach  
  78  5:39  Roach x3  
  78  5:42  Overlord  
  84  5:45  Roach x2  
  84  5:47  Overlord  
  88  5:50  Overlord  
  88  5:56  Glial Reconstitution  
  87  5:59  Zergling x4  
  87  6:00  Overlord  
  87  6:02  Roach  
  91  6:05  Overlord  
  91  6:06  Roach  
  91  6:10  Roach x2  
  97  6:14  Overlord  
  99  6:18  Roach x2  
  99  6:19  Roach  
  99  6:23  Overlord  
  99  6:24  Zergling x2, Roach  
  106  6:35  Roach x3  
  106  6:36  Overlord  
  112  6:41  Overlord  
  112  6:42  Roach  
  112  6:43  Roach x2  
  116  6:47  Overlord  
  116  6:53  Overlord  
  116  6:56  Roach x4  
  120  7:11  Roach x4  
  128  7:15  Roach  
  128  7:19  Overlord  
  128  7:20  Roach  
  130  7:25  Roach  
  130  7:27  Roach  
  117  7:30  Spine Crawler, Roach x3  
  117  7:32  Spine Crawler  
  115  7:39  Drone x4  
  119  7:49  Drone x2  
  121  7:52  Drone, Extractor  
  121  7:53  Extractor, Overseer  
  102  8:17  Hatchery  
Tags
 
Add a new tag
Caveats
  • Supply blocks, unpowered buildings, or Contaminate may cause inaccurate times.
  • Supply counts are checked every 10 seconds.